 Dungeon Sprint DCSS version 0.29.1-2-gbd0b4ee654 (webtiles) character file.

Game seed: 14364596159338942767

12373 Zeld the Executioner (level 11, -4/171 HPs)
             Began as a Minotaur Berserker on Oct 28, 2022.
             Was the Champion of Trog.
             Slain by a cherub
             ... wielding a +4 falchion of flaming
              (12 damage)
             ... in the Dungeon (Sprint VII: "The Pits").
             The game lasted 00:04:41 (3473 turns).

Zeld the Executioner (Minotaur Berserker)           Turns: 3473, Time: 00:04:41

Health: -4/171     AC: 24    Str: 29    XL:     11   Next: 61%
Magic:  10/10      EV: 13    Int:  4    God:    Trog [******]
Gold:   62         SH:  0    Dex:  9    Spells: 10/10 levels left

rFire   . . .      SeeInvis +   a - +2 executioner's axe of Gisoraa {vorpal, rN+ Str+2}
rCold   . . .      Faith    .   (shield currently unavailable)
rNeg    + . .      Spirit   .   b - +3 chain mail
rPois   .          Reflect  .   (helmet restricted)
rElec   .          Harm     .   l - +2 cloak
rCorr   .          Rampage  .   (no gloves)
Will    .....      NoTele   +   q - +2 pair of boots
Stlth   ..........              (no amulet)
HPRegen 0.38/turn               o - ring of see invisible
MPRegen 0.12/turn               (no ring)

@: berserking (expiring), lethally poisoned (-4 -> -11), glowing, very quick
A: horns 2, retaliatory headbutt
a: Renounce Religion, Berserk, Trog's Hand, Brothers in Arms


You were in the Dungeon.
You worshipped Trog.
Trog was exalted by your worship.
You visited 1 branch You collected 62 gold pieces.

Inventory:

Hand Weapons
 a - the +2 executioner's axe of Gisoraa (weapon) {vorpal, rN+ Str+2}
   (Trog gifted it to you in the Dungeon)

   It inflicts extra damage upon your enemies.
   Str:       It affects your strength (+2).
   rN:        It protects you from negative energy.
Armour
 b - a +3 chain mail (worn)
 l - a +2 cloak (worn)
 q - a +2 pair of boots (worn)
Jewellery
 o - a ring of see invisible (left hand)
 s - a ring of poison resistance
Wands
 k - a wand of digging (5)
Scrolls
 h - a scroll of blinking
 j - a scroll of summoning
 p - 4 scrolls of fear
 r - 3 scrolls of identify
Potions
 c - 10 potions of curing
 d - 16 potions of heal wounds
 e - 2 potions of haste
 f - 4 potions of magic
 g - 6 potions of berserk rage
 i - 2 potions of invisibility
 m - 3 potions of mutation


   Skills:
 + Level 16.1 Fighting
 * Level 21.8 Axes
 + Level 15.9 Armour
 + Level 14.6 Dodging


You had 10 spell levels left.
You didn't know any spells.
Your spell library was empty.

Dungeon Overview and Level Annotations

Branches:
Dungeon (1/1)

Altars:
Ashenzari
Cheibriados
Dithmenos
Elyvilon
Fedhas
Gozag
Hepliaklqana
Kikubaaqudgha
Makhleb
Nemelex Xobeh
Okawaru
Qazlal
Ru
Sif Muna
Trog
Uskayaw
Vehumet
Wu Jian
Xom
Yredelemnul
Zin
The Shining One
Jiyva
Lugonu


Innate Abilities, Weirdness & Mutations

You have a pair of horns on your head.
You reflexively headbutt those who attack you in melee.


Message History

You headbutt the merfolk impaler!!
You kill the merfolk impaler!
Trog accepts your kill.
The vampire knight mumbles some strange words.
The vampire knight flickers and vanishes for a moment.
The soul eater hits you but does no damage.
You slash the soul eater!
The soul eater is moderately wounded.
You closely miss the cherub.
You hit the shadow wraith but do no damage.
You feel sick.
The merfolk hits you from afar with a +0 spear!
* * * LOW HITPOINT WARNING * * *
Unknown command.
You slice the soul eater!!
You kill the soul eater!
Trog accepts your kill.
You slash the cherub! You slice the shadow wraith!!
You feel sick. The shadow wraith closely misses you. You furiously retaliate!
You headbutt the shadow wraith! The cherub barely misses you.
The cherub pecks you but does no damage.
The merfolk barely misses you.
Unknown command.
You closely miss the cherub.
The cherub is lightly wounded.
You slash the shadow wraith!
You destroy the shadow wraith!
Trog accepts your kill.
You feel sick.
Your Fighting skill increases to level 16!
You open the cherub like a pillowcase!!!
Your headbutt misses the cherub.
The cherub is almost dead.
You closely miss the vampire knight.
You feel sick.
The vampire knight hits you but does no damage.
The vampire knight bites you!
* * * LOW HITPOINT WARNING * * *
The vampire knight draws strength from your injuries!
The cherub hits you with a +4 falchion of flaming!
You die...

#..##..........+
#..##..........+
#..####''####++#
#..####''###
#..##......#
########..##.#'##.#
..........##.#".+.#
..........##.+)A#V#
'###########.#m)@.#
'###### ##.+|)#.#
......# .##.##'#.#
......##..##......#
......++..#########
......++..#
......##.....
......# ... '######
#


You could see a cherub, a vampire knight (fast, invisible) and a merfolk.

Vanquished Creatures
  Josephine (D)
  2 merfolk impalers (D)
  A boulder beetle (D)
  A death yak (D)
  A soul eater (D)
  2 shadow wraiths (D)
  A deep troll (D)
  2 deep elf zephyrmancers (D)
  A cyclops (D)
  An elephant (D)
  2 molten gargoyles (D)
  A rime drake (D)
  An ice devil (D)
  A hellwing (D)
  2 komodo dragons (D)
  A red devil (D)
  A merfolk (D)
  A hornet (D)
  A snapping turtle (D)
  3 wraiths (D)
  A spriggan (D)
  A basilisk (D)
  2 vampire mosquitoes (D)
  2 redbacks (D)
  An acid dragon (D)
  2 floating eyes (D)
  A swamp drake (D)
  A black bear (D)
  A centaur (D)
  A phantom (D)
  A bullfrog (D)
  A necrophage (D)
  7 wights (D)
  5 killer bees (D)
  A crimson imp (D)
  2 hounds (D)
  An iron imp (D)
  3 gnoll boudas (D)
  An orc wizard (D)
  A hell rat (D)
  11 gnolls (D)
  An adder (D)
  2 river rats (D)
  An ufetubus (D)
  An adder skeleton (D)
  5 orcs (D)
  3 ball pythons (D)
  A bat (D)
  A kobold (D)
89 creatures vanquished.

Notes
Turn   | Place    | Note
-------+----------+-------------------------------------------
     0 | D        | Zeld the Minotaur Berserker began the quest for the Orb.
     0 | D        | Reached XP level 1. HP: 19/19 MP: 0/0
    14 | D        | Reached skill level 4 in Axes
    18 | D        | Found a bloodstained altar of Trog.
    18 | D        | Found a shimmering blue altar of Sif Muna.
    18 | D        | Found a viscous altar of Jiyva.
    18 | D        | Found a hazy altar of Hepliaklqana.
    18 | D        | Found an opulent altar of Gozag.
    19 | D        | Found a glowing golden altar of the Shining One.
    19 | D        | Found a glowing silver altar of Zin.
    19 | D        | Found a basalt altar of Yredelemnul.
    19 | D        | Found a shimmering altar of Xom.
    19 | D        | Found an ornate altar of the Wu Jian Council.
    19 | D        | Found a sacrificial altar of Ru.
    19 | D        | Found a stormy altar of Qazlal.
    19 | D        | Found an iron altar of Okawaru.
    19 | D        | Found a sparkling altar of Nemelex Xobeh.
    19 | D        | Found a burning altar of Makhleb.
    19 | D        | Found a blossoming altar of Fedhas.
    19 | D        | Found a white marble altar of Elyvilon.
    19 | D        | Found a shadowy altar of Dithmenos.
    19 | D        | Found a snail-covered altar of Cheibriados.
    21 | D        | Found a corrupted altar of Lugonu.
    21 | D        | Found a radiant altar of Vehumet.
    22 | D        | Found a broken altar of Ashenzari.
    22 | D        | Found an ancient bone altar of Kikubaaqudgha.
    22 | D        | Found a hide-covered altar of Uskayaw.
    67 | D        | Reached ** piety under Trog
    68 | D        | Reached skill level 5 in Axes
    68 | D        | Reached XP level 2. HP: 7/28 MP: 1/1
   541 | D        | Noticed a floating eye
   546 | D        | Reached *** piety under Trog
   547 | D        | Reached skill level 5 in Fighting
   547 | D        | Reached skill level 6 in Axes
   547 | D        | Reached XP level 3. HP: 36/36 MP: 2/2
   549 | D        | Killed a floating eye
   550 | D        | Reached skill level 8 in Axes
   550 | D        | Reached skill level 5 in Armour
   550 | D        | Reached skill level 5 in Dodging
   550 | D        | Reached XP level 4. HP: 37/45 MP: 3/3
   550 | D        | Reached XP level 5. HP: 42/51 MP: 4/4
   552 | D        | Reached **** piety under Trog
   553 | D        | Reached skill level 9 in Axes
   784 | D        | Reached ***** piety under Trog
   784 | D        | Received a gift from Trog
   785 | D        | Reached skill level 10 in Axes
   785 | D        | Reached XP level 6. HP: 61/61 MP: 5/5
   789 | D        | Reached skill level 11 in Axes
  1030 | D        | Noticed a molten gargoyle
  1041 | D        | Killed a molten gargoyle
  1041 | D        | Received a gift from Trog
  1042 | D        | Reached skill level 13 in Axes
  1042 | D        | Reached XP level 7. HP: 42/71 MP: 6/6
  1438 | D        | Noticed a redback
  1441 | D        | Killed a redback
  1442 | D        | Reached skill level 10 in Fighting
  1792 | D        | Noticed a redback
  1797 | D        | Killed a redback
  1798 | D        | Reached skill level 10 in Armour
  1798 | D        | Reached XP level 8. HP: 50/79 MP: 7/7
  1932 | D        | Noticed a cyclops
  1937 | D        | Reached skill level 14 in Axes
  1940 | D        | Reached ****** piety under Trog
  1945 | D        | Noticed an elephant
  1946 | D        | Received a gift from Trog
  1948 | D        | Killed a cyclops
  1949 | D        | Reached skill level 15 in Axes
  1949 | D        | Reached skill level 10 in Dodging
  1952 | D        | Killed an elephant
  1952 | D        | Received a gift from Trog
  1953 | D        | Reached skill level 16 in Axes
  1953 | D        | Reached XP level 9. HP: 90/90 MP: 8/8
  2127 | D        | Noticed a death yak
  2128 | D        | Noticed a deep elf zephyrmancer
  2128 | D        | Noticed a rime drake
  2145 | D        | Killed a deep elf zephyrmancer
  2147 | D        | Killed a death yak
  2148 | D        | Reached skill level 17 in Axes
  2149 | D        | Killed a rime drake
  2498 | D        | Noticed a deep elf zephyrmancer
  2498 | D        | Noticed a hellwing
  2502 | D        | Noticed an ice devil
  2504 | D        | Killed a deep elf zephyrmancer
  2504 | D        | Received a gift from Trog
  2505 | D        | Reached skill level 18 in Axes
  2505 | D        | Reached XP level 10. HP: 101/101 MP: 3/9
  2688 | D        | Noticed a deep troll
  2689 | D        | Noticed a molten gargoyle
  2693 | D        | Received a gift from Trog
  2694 | D        | Paralysed by a floating eye for 2 turns
  2697 | D        | Killed a molten gargoyle
  2698 | D        | Reached skill level 19 in Axes
  2700 | D        | Killed a deep troll
  3146 | D        | Noticed a boulder beetle
  3147 | D        | Noticed Josephine
  3159 | D        | Received a gift from Trog
  3168 | D        | Killed a boulder beetle
  3169 | D        | Reached skill level 20 in Axes
  3169 | D        | Reached XP level 11. HP: 111/111 MP: 10/10
  3172 | D        | Killed a shadow wraith
  3173 | D        | Reached skill level 15 in Fighting
  3174 | D        | Identified the +2 executioner's axe of Gisoraa {vorpal, rN+
                  | Str+2} (Trog gifted it to you in the Dungeon)
  3174 | D        | Received a gift from Trog
  3175 | D        | Reached skill level 15 in Armour
  3180 | D        | Killed Josephine
  3228 | D        | Got the ring "Ecziom" {Ice rN+}
  3460 | D        | Noticed a cherub
  3460 | D        | Noticed a vampire knight
  3460 | D        | Noticed a merfolk impaler
  3460 | D        | Noticed a soul eater
  3460 | D        | Noticed a merfolk impaler
  3462 | D        | Noticed a shadow wraith
  3468 | D        | Killed a merfolk impaler
  3469 | D        | Reached skill level 21 in Axes
  3469 | D        | Received a gift from Trog
  3469 | D        | Killed a merfolk impaler
  3471 | D        | Killed a soul eater
  3472 | D        | Killed a shadow wraith
  3473 | D        | HP: 8/171 [vampire knight/+0 dire flail (7)]
  3473 | D        | Slain by a cherub

Illustrated notes

Levels and vault maps discovered:
D:        pitsprint [storerooms_1, entrance_room_1, metal_vault_1, armoury_2,
          mini_pit_1, grid_room_1, main_hall_1, silver_pit, the_coven_2,
          the_vestibule_1, steel_vault_5, golden_pit, hallway_of_sentries,
          crystal_vault_4, iron_vault_5, final_vault]

Skill      XL: |  1  2  3  4  5  6  7  8  9 10 11 |
---------------+----------------------------------+-----
Fighting       | 4 5 6 7 9 10 11 13 14 16 | 16.1
Axes           | 5 6 8 10 13 16 18 20 21 | 21.8
Armour         | 3 4 5 7 9 10 11 13 14 15 | 15.9
Dodging        | 3 5 6 8 9 10 12 13 14 | 14.6

Action                   |  1- 3 |  4- 6 |  7- 9 | 10-12 || total
-------------------------+-------+-------+-------+-------++-------
Melee: Hand axe          |    21 |    33 |       |       ||    54
       Headbutt          |     1 |     9 |    11 |     8 ||    29
       War axe           |       |       |    34 |       ||    34
       Broad axe         |       |       |    22 |    14 ||    36
       Punch             |       |       |     1 |       ||     1
       Battleaxe         |       |       |       |    44 ||    44
       Executioner's axe |       |       |       |    11 ||    11
Invok: Berserk           |     3 |     2 |     4 |     3 ||    12
       Trog's Hand       |       |       |       |     1 ||     1
  Use: Scroll            |       |       |       |     4 ||     4
Armor: Chain mail        |       |    13 |    30 |    43 ||    86
Dodge: Dodged            |    11 |    18 |    39 |    37 ||   105
